 Dungeon Crawl Stone Soup version 0.30-a0-715-gdb4ae3ece1 (webtiles) character file.

Game seed: 6368457233349714589

65 Darius099 the Ruffian (level 3, 0/36 HPs)
             Began as a Troll Monk on Jan 24, 2023.
             Slain by a goblin
             ... wielding a +0 club
             ... led by Robin
              (3 damage)
             ... on level 2 of the Dungeon.
             The game lasted 00:01:02 (1056 turns).

Darius099 the Ruffian (Troll Monk)                  Turns: 1056, Time: 00:01:02

Health: 0/36       AC:  4    Str: 19    XL:     3   Next: 92%
Magic:  2/2        EV: 10    Int:  6    God:
Gold:   26         SH:  0    Dex: 14    Spells: 2/2 levels left

rFire   . . .      SeeInvis .      - Unarmed
rCold   . . .      Faith    .    (no shield)
rNeg    . . .      Spirit   .    a - +0 robe
rPois   .          Reflect  .    (helmet restricted)
rElec   .          Harm     .    (no cloak)
rCorr   .          Rampage  .    (gloves unavailable)
Will    .....                    (boots unavailable)
Stlth   ++                       (no amulet)
HPRegen 1.06/turn                (no ring)
MPRegen 0.08/turn                (no ring)

@: no status effects
A: large, unfitting armour, claws 3, regeneration 1, shaggy fur 1, tough skin 1
a: no special abilities


You were on level 2 of the Dungeon.
You visited 1 branch of the dungeon, and saw 2 of its levels.

You collected 26 gold pieces.

Inventory:

Armour
 a - a +0 robe (worn)
Scrolls
 d - 2 scrolls of identify {unknown}
 g - a scroll of fog {unknown}
 h - a scroll of magic mapping {unknown}
 i - a scroll of immolation {unknown}
Potions
 b - 2 potions of ambrosia
 c - 2 potions of resistance {unknown}
 e - 2 potions of degeneration {unknown}
 f - 2 potions of lignification {unknown}
 j - a potion of might {unknown}
 k - a potion of magic {unknown}


   Skills:
 + Level 2.9 Fighting
 + Level 2.9 Dodging
 + Level 1.4 Stealth
 + Level 3.4 Unarmed Combat


You had 2 spell levels left.
You didn't know any spells.
Your spell library was empty.

Dungeon Overview and Level Annotations

Branches:
Dungeon (2/15)

Altars:


Innate Abilities, Weirdness & Mutations

You are too large for most types of armour.
You have claws for hands.
Your natural rate of healing is unusually fast.
You are covered in fur. (AC +1)
You have tough skin. (AC +1)


Message History

Robin is severely wounded.
The goblin hits you but does no damage. Robin barely misses you.
The hobgoblin hits you but does no damage.
The goblin closely misses you.
You scratch Robin.
Robin is almost dead.
The goblin hits you but does no damage. Robin barely misses you.
The hobgoblin hits you. The goblin barely misses you.
You scratch Robin.
You kill Robin!
The goblin misses you. The hobgoblin hits you.
* * * LOW HITPOINT WARNING * * *
The goblin attacks as you move away! The goblin barely misses you.
The goblin unwields a +0 club.
The goblin wields a +0 sling.
The goblin shoots a sling bullet.
The sling bullet completely misses you.
The goblin unwields a +0 club.
The goblin wields a +0 sling.
The goblin shoots a sling bullet.
The sling bullet hits you but does no damage.
The hobgoblin barely misses you.
Things that are here:
a +0 trident; a +0 animal skin; a +0 helmet You barely miss the hobgoblin.
The hobgoblin hits you.
You closely miss the hobgoblin. The hobgoblin hits you.
* * * LOW HITPOINT WARNING * * *
You closely miss the hobgoblin.
The goblin unwields a +0 sling.
The goblin wields a +0 club.
The goblin hits you with a +0 club.
* * * LOW HITPOINT WARNING * * *
The hobgoblin hits you.
* * * LOW HITPOINT WARNING * * *
The goblin unwields a +0 sling.
The goblin wields a +0 club.
The goblin hits you with a +0 club.
* * * LOW HITPOINT WARNING * * *
You barely miss the hobgoblin.
The hobgoblin no longer looks unusually strong.
The goblin barely misses you.
You claw the hobgoblin!
You kill the hobgoblin!
The goblin no longer looks unusually strong.
The goblin hits you with a +0 club.
You die...

########## ##
#......:.###..
#.............
#............
#............ . #
#........####..
#...#..gg..........
.
.......@)..>.......
..
..########........$
#.## #..))).......##
#.... #.###........#
#....##.#<#.########
#........#.#
.##...#.####.#
.............#
#######..##########


You could see 2 goblins.

Vanquished Creatures
  Robin (D:2)
  A worm (D:2)
  An orc (D:2)
  2 ball pythons
  An endoplasm (D:1)
  7 giant cockroaches
  8 goblins
  5 hobgoblins
  4 jackals (D:2)
  4 quokkas (D:1)
  7 bats
  A kobold (D:1)
  2 rats (D:1)
44 creatures vanquished.

Notes
Turn   | Place    | Note
-------+----------+-------------------------------------------
     0 | D:1      | Darius099 the Troll Monk began the quest for the Orb.
     0 | D:1      | Reached XP level 1. HP: 22/22 MP: 0/0
   310 | D:1      | Reached XP level 2. HP: 29/29 MP: 1/1
   649 | D:1      | Found a faded altar of an unknown god.
   792 | D:2      | Reached XP level 3. HP: 6/36 MP: 2/2
  1034 | D:2      | Noticed Robin
  1049 | D:2      | Killed Robin
  1054 | D:2      | HP: 1/36 [goblin/+0 club[Robin] (2)]
  1056 | D:2      | Slain by a goblin

Illustrated notes

Levels and vault maps discovered:
D:1:      onia_arrival_mini_maze_b, layout_loops_cross,
          shapermc_ecumenical_altar_notcrosses, serial_forest,
          infiniplex_forest_lined_room_, infiniplex_forest_clump_medium,
          infiniplex_forest_clump_large, infiniplex_forest_lined_ring,
          infiniplex_forest_clump_double, infiniplex_forest_straight_4,
          infiniplex_forest_lined_2, infiniplex_forest_lined_4_way,
          infiniplex_forest_side_room, infiniplex_forest_lined_room_2,
          minmay_worlds_worst_comb
D:2:      layout_basic, bh_walls_and_bars, uniq_robin

Action                     || total
---------------------------++-------
  Melee: Unarmed           ||   114
         Punch             ||     2
   Stab: Sleeping          ||     5
 Armour: Robe              ||    45
  Dodge: Dodged            ||    83

Table legend: (Time is in decaauts)
 A = Elapsed time spent in this place.
 B = Non-inter-level travel time spent in this place.
 C = Inter-level travel time spent in this place.
 D = Time resting spent in this place.
 E = Time spent auto-exploring this place.
 F = Levels seen in this place.
 G = Mean time per level.
                   A        B        C        D        E       F      G
               +--------+--------+--------+--------+--------+-----+--------+
         Total |   1048 |   1026 |     22 |     22 |    739 |   2 |  524.0 |
       Dungeon |   1048 |   1026 |     22 |     22 |    739 |   2 |  524.0 |
               +--------+--------+--------+--------+--------+-----+--------+

Top non-repeatable levels by time:
     D:1: 767 daAuts
     D:2: 281 daAuts
